[Event "Titled Tuesday Blitz April 18 Late 2023"]
[White "Kamsky, Gata"]
[Black "Bilych, Olexiy"]
[WhiteFideId "2000024"]
[BlackFideId "14156504"]
[WhiteElo "2660"]
[BlackElo "2320"]
[Result "0-1"]
[Round "03"]
[TimeControl "180+2"]
[Date "2023.04.18"]
[WhiteClock "0:00:01"]
[BlackClock "0:00:05"]

1. d4 d5 2. Nf3 Nf6 3. Bf4 c5 4. e3 Nc6 5. c3 Qb6 6. Qb3 c4 7. Qc2 Bf5 8. Qc1 e6 9. Nbd2 Be7 10. Be2 h6 11. Bd1 Nh5 12. Bc2 Nxf4 13. exf4 Qc7 14. Bxf5 exf5 15. Ne5 O-O 16. Qc2 g6 17. O-O Bd6 18. Rfe1 b5 19. a3 a5 20. Nf1 Bxe5 21. fxe5 Nd8 22. Ne3 Qc6 23. a4 Rb8 24. b3 f4 25. Ng4 Ne6 26. axb5 Rxb5 27. bxc4 Qxc4 28. Rec1 Kg7 29. h4 Rc8 30. Qd1 Rb3 31. Rxa5 Rxc3 32. Rxc3 Qxc3 33. Ra1 Nxd4 34. Kh2 h5 35. Nf6 f3 36. Nxd5 Qb2 37. Ra4 Qxf2 38. Nf4 Qxh4+ 39. Nh3 Rd8 40. Qf1 fxg2 41. Kxg2 Qg4+ 42. Kh1 Qe4+ 43. Qg2 Qxg2+ 44. Kxg2 Ne6 45. Ra7 Rd5 46. Ng1 Rxe5 47. Nf3 Rf5 48. Kg3 g5 49. Rd7 h4+ 50. Kg2 Kg6 0-1


[Site "https://www.chess.com"]

[Event "Titled Tuesday Blitz April 18 Late 2023"]
[White "Yoo, Christopher Woojin"]
[Black "UnknownxArmy"]
[WhiteFideId "30909694"]
[WhiteElo "2519"]
[BlackElo "2684"]
[Result "1-0"]
[Round "03"]
[TimeControl "180+2"]
[Date "2023.04.18"]
[WhiteClock "0:00:56"]
[BlackClock "0:01:20"]

1. d4 g6 2. Nf3 Bg7 3. c4 d6 4. Nc3 Bd7 5. e4 a6 6. Be3 Nc6 7. Be2 e5 8. d5 Nce7 9. c5 h6 10. Qb3 Rb8 11. cxd6 cxd6 12. Bb6 Qc8 13. Nd2 Ra8 14. Nc4 Qb8 15. Be3 b5 16. Nb6 Ra7 17. Nxd7 Rxd7 18. a4 b4 19. Bxa6 Qa8 20. Bb5 bxc3 21. Bxd7+ Kxd7 22. Qb5+ Kd8 23. Bb6+ Kc8 24. Rc1 Qb7 25. Qe8# 1-0


[Site "https://www.chess.com"]

[Event "Titled Tuesday Blitz April 18 Late 2023"]
[White "Horvath, Dominik"]
[Black "Suleymanli, Aydin"]
[WhiteFideId "1642561"]
[BlackFideId "13413937"]
[WhiteElo "2407"]
[BlackElo "2559"]
[Result "1-0"]
[Round "03"]
[TimeControl "180+2"]
[Date "2023.04.18"]
[WhiteClock "0:00:41"]
[BlackClock "0:00:02"]

1. Nf3 Nf6 2. c4 e6 3. Nc3 d5 4. d4 h6 5. cxd5 exd5 6. Bf4 Bd6 7. Bxd6 Qxd6 8. e3 O-O 9. Bd3 a6 10. O-O b6 11. Rc1 Bb7 12. Ne5 c5 13. f4 Nc6 14. Ne2 Ne7 15. Qe1 c4 16. Bb1 b5 17. Kh1 Rac8 18. Qh4 Ne4 19. g4 f6 20. Nf3 Rc7 21. Ng3 Rf7 22. Qh5 Qe6 23. Nf5 Bc8 24. N3h4 Nd2 25. Nxe7+ Rfxe7 26. Bf5 Qxe3 27. Bxc8 Qe4+ 28. Ng2 Rxc8 29. Rfe1 Rd8 30. Rxe4 dxe4 31. Ne3 Nf3 32. d5 Kh7 33. Qf5+ Kg8 34. Rd1 Nh4 35. Qh5 Nf3 36. d6 Re6 37. d7 Re7 38. Qd5+ Kh7 39. Qc6 Nh4 40. Qc7 Ree8 41. dxe8=Q Rxe8 42. Qc6 1-0


[Site "https://www.chess.com"]

[Event "Titled Tuesday Blitz April 18 Late 2023"]
[White "Anton Guijarro, David"]
[Black "Jaracz, Pawel"]
[WhiteFideId "2285525"]
[BlackFideId "1102222"]
[WhiteElo "2618"]
[BlackElo "2438"]
[Result "0-1"]
[Round "03"]
[TimeControl "180+2"]
[Date "2023.04.18"]
[WhiteClock "0:00:05"]
[BlackClock "0:00:08"]

1. d4 d5 2. Nf3 Nf6 3. e3 Bg4 4. h3 Bxf3 5. Qxf3 e6 6. g4 h6 7. c4 c6 8. Nc3 Nbd7 9. Bd2 Bb4 10. cxd5 exd5 11. Bd3 Qe7 12. Rc1 Nb6 13. a3 Bd6 14. h4 g6 15. Ke2 Qe6 16. h5 g5 17. Bf5 Qe7 18. Rce1 Nc4 19. Bc1 O-O 20. Kf1 Rfe8 21. e4 dxe4 22. Nxe4 Nxe4 23. Bxe4 Kg7 24. Kg2 Qf6 25. d5 Qxf3+ 26. Bxf3 c5 27. b3 Ne5 28. Be2 a6 29. a4 Nd7 30. Bd3 Be5 31. Bd2 Nf6 32. Rxe5 Rxe5 33. Bc3 Rxd5 34. Bc4 Rd6 35. Re1 Rad8 36. Re3 R8d7 37. Rf3 Rd4 38. Bxd4 Rxd4 39. Rf5 Rxg4+ 40. Kf1 b6 41. Bxa6 Rf4 42. Re5 Rxf2+ 43. Kg1 Ng4 44. Re7 Rb2 45. Bc4 Kf6 46. Rxf7+ Ke5 47. Rb7 Kf4 48. Rxb6 Kg3 49. Kf1 Ne3+ 50. Ke1 Nxc4 51. Rxh6 Rxb3 52. Rg6 g4 53. h6 Rb1+ 54. Ke2 Rh1 55. Rg5 Rxh6 56. Rxc5 Rh2+ 57. Ke1 Nb2 58. a5 Nd3+ 59. Kf1 Nxc5 0-1


[Site "https://www.chess.com"]

[Event "Titled Tuesday Blitz April 18 Late 2023"]
[White "Mihajlov, Sebastian"]
[Black "Pichot, Alan"]
[WhiteFideId "1512110"]
[BlackFideId "110973"]
[WhiteElo "2478"]
[BlackElo "2573"]
[Result "0-1"]
[Round "03"]
[TimeControl "180+2"]
[Date "2023.04.18"]
[WhiteClock "0:00:05"]
[BlackClock "0:00:08"]

1. e4 c5 2. Nf3 e6 3. d4 cxd4 4. Nxd4 Nc6 5. Nc3 Qc7 6. Be3 a6 7. Qf3 Ne5 8. Qg3 h5 9. h4 Nf6 10. O-O-O d6 11. Be2 Bd7 12. f4 Neg4 13. e5 dxe5 14. fxe5 Qxe5 15. Bf4 Qc5 16. Bf3 Be7 17. Nb3 Qf2 18. Bxb7 Ra7 19. Bf3 O-O 20. Rhe1 Qxg3 21. Bxg3 Bb4 22. Bd6 Bxd6 23. Rxd6 Rc8 24. Ne4 Be8 25. Nxf6+ Nxf6 26. Re5 Kf8 27. c3 Rc4 28. Rd4 Rac7 29. Rxc4 Rxc4 30. g3 Ke7 31. Kd2 Kd6 32. Ra5 Bb5 33. Nd4 Rc5 34. b4 Re5 35. a4 Bc4 36. Rxe5 Kxe5 37. Nc6+ Kd6 38. Nd4 g6 39. Ke3 e5 40. Ne2 Ng4+ 41. Kd2 f5 42. Bxg4 hxg4 43. Nc1 Kd5 44. Ke3 Bf1 45. Nd3 Bxd3 46. Kxd3 f4 47. gxf4 exf4 48. c4+ Ke5 49. a5 g3 50. Ke2 Ke4 51. b5 f3+ 52. Kf1 Ke3 53. b6 g2+ 54. Kg1 Ke2 55. b7 f2+ 56. Kh2 g1=Q+ 0-1


[Site "https://www.chess.com"]

[Event "Titled Tuesday Blitz April 18 Late 2023"]
[White "Hansen, Eric"]
[Black "Amburgy, Ryan"]
[WhiteFideId "2606771"]
[BlackFideId "30924820"]
[WhiteElo "2561"]
[BlackElo "2134"]
[Result "1-0"]
[Round "03"]
[TimeControl "180+2"]
[Date "2023.04.18"]
[WhiteClock "0:00:15"]
[BlackClock "0:00:02"]

1. d4 Nf6 2. c4 e6 3. Nf3 d5 4. Nc3 Bb4 5. Qa4+ Nc6 6. Bg5 h6 7. Bxf6 Qxf6 8. e3 O-O 9. Be2 Bd7 10. Qc2 dxc4 11. Bxc4 e5 12. O-O Bxc3 13. bxc3 Rad8 14. Nd2 b6 15. Rad1 Na5 16. Bd3 Bc6 17. Ne4 Bxe4 18. Bxe4 Qe7 19. Bh7+ Kh8 20. Bd3 c5 21. dxe5 Qxe5 22. Bb5 g6 23. g3 Kg7 24. h4 c4 25. a4 Qe7 26. Rd4 Rxd4 27. exd4 Qb7 28. Qe2 Rc8 29. Re1 Qd5 30. Qe7 Nc6 31. Qb7 a6 32. Qxc8 axb5 33. axb5 Qxb5 34. Qd7 Qa4 35. Kh2 Qc2 36. Rf1 Na5 37. Qb5 Qxc3 38. Qxb6 Nb3 39. d5 Nd2 40. Rd1 Qd3 41. Qe3 1-0


[Site "https://www.chess.com"]

[Event "Titled Tuesday Blitz April 18 Late 2023"]
[White "Popovic, Dusan"]
[Black "Plotnikov, Pavel"]
[WhiteFideId "927031"]
[BlackFideId "4170342"]
[WhiteElo "2573"]
[BlackElo "2298"]
[Result "1-0"]
[Round "03"]
[TimeControl "180+2"]
[Date "2023.04.18"]
[WhiteClock "0:01:13"]
[BlackClock "0:00:08"]

1. g3 d5 2. Bg2 c6 3. d3 e5 4. Nf3 Bd6 5. O-O Nf6 6. Nc3 O-O 7. e4 d4 8. Nb1 c5 9. Nh4 Nc6 10. a4 Re8 11. Na3 Bf8 12. Nc4 Be6 13. b3 a6 14. Bg5 h6 15. Bd2 b5 16. Nb2 Qc7 17. f4 Reb8 18. f5 Bd7 19. g4 Nh7 20. Nf3 Nb4 21. h4 g6 22. Rf2 bxa4 23. Nxa4 Nf6 24. Bh3 c4 25. bxc4 gxf5 26. gxf5 Kh7 27. Ng5+ hxg5 28. hxg5 Bh6 29. gxf6 Rh8 30. Qh5 Rag8+ 31. Kh1 1-0


[Site "https://www.chess.com"]

[Event "Titled Tuesday Blitz April 18 Late 2023"]
[White "Rastbod, Ali"]
[Black "Bartel, Mateusz"]
[WhiteFideId "12567477"]
[BlackFideId "1112635"]
[WhiteElo "2248"]
[BlackElo "2521"]
[Result "0-1"]
[Round "03"]
[TimeControl "180+2"]
[Date "2023.04.18"]
[WhiteClock "0:00:04"]
[BlackClock "0:00:12"]

1. c4 e5 2. Nc3 Bb4 3. Nd5 a5 4. a3 Be7 5. d4 exd4 6. Qxd4 Nf6 7. Nxe7 Qxe7 8. f3 Nc6 9. Qd1 Nh5 10. g3 f5 11. Nh3 O-O 12. Bg2 Kh8 13. b3 d6 14. O-O Be6 15. a4 Rae8 16. Bb2 Bg8 17. Re1 f4 18. g4 Nf6 19. Qd2 Qe3+ 20. Qxe3 Rxe3 21. Nxf4 Rxb3 22. Rab1 Bxc4 23. g5 Ne8 24. e3 Rb4 25. Bc3 Rxb1 26. Rxb1 b6 27. Nh5 Bf7 28. Ng3 Ne7 29. f4 Bg6 30. Rf1 Nf5 31. e4 Ne3 32. Rf2 Nxg2 33. Kxg2 Bf7 34. f5 Bb3 35. h4 Bxa4 36. h5 Kg8 37. h6 g6 38. Kh3 Bd7 39. Kh4 Rf7 40. Ba1 d5 41. f6 dxe4 42. Nxe4 Bc6 43. Ng3 Nd6 44. Rd2 Rd7 45. Re2 Kf7 46. Be5 Bd5 47. Bxd6 cxd6 48. Nf1 Bc4 49. Re1 Bxf1 50. Rxf1 Ra7 51. Rc1 a4 52. Rc8 a3 53. Rh8 Ke6 54. Re8+ Kf5 55. Re7 Ra8 56. f7 Rf8 57. Ra7 Ke6 58. Rxa3 Rxf7 59. Rb3 Rb7 60. Kg4 Kd5 61. Kf4 b5 62. Rd3+ Kc5 63. Rd1 b4 64. Rc1+ Kd5 65. Rd1+ Kc6 66. Rc1+ Kb5 67. Ke4 b3 68. Kd5 b2 69. Rb1 Ka4 70. Kc6 Rb5 71. Kxd6 Ka3 72. Ke6 Rb7 73. Kf6 Ka2 74. Rxb2+ Kxb2 0-1


[Site "https://www.chess.com"]

[Event "Titled Tuesday Blitz April 18 Late 2023"]
[White "Karacsonyi, Gellert"]
[Black "Kleiman, Jake"]
[WhiteFideId "764620"]
[BlackFideId "2020041"]
[WhiteElo "2308"]
[BlackElo "2622"]
[Result "1-0"]
[Round "03"]
[TimeControl "180+2"]
[Date "2023.04.18"]
[WhiteClock "0:01:15"]
[BlackClock "0:00:17"]

1. e4 e5 2. Nf3 Nc6 3. Bb5 a6 4. Bxc6 dxc6 5. O-O f6 6. d4 Bg4 7. dxe5 Qxd1 8. Rxd1 Bxf3 9. gxf3 fxe5 10. f4 Nf6 11. fxe5 Nxe4 12. Be3 Bc5 13. Nd2 Nxd2 14. Bxc5 Nf3+ 15. Kg2 Nh4+ 16. Kh3 Nf5 17. e6 b6 18. Ba3 Rd8 19. Rxd8+ Kxd8 20. Rd1+ Kc8 21. Kg4 Nh6+ 22. Kg5 Re8 23. Re1 Ng8 24. b3 c5 25. Bb2 Re7 26. f4 Kd8 27. f5 Ke8 28. Be5 a5 29. a4 Kf8 30. c4 Ke8 31. h4 g6 32. Bf6 Nxf6 33. Kxf6 gxf5 34. Rg1 Kf8 35. Rg8+ Kxg8 36. Kxe7 f4 37. Kd7 f3 38. e7 f2 39. e8=Q+ 1-0


[Site "https://www.chess.com"]

[Event "Titled Tuesday Blitz April 18 Late 2023"]
[White "Drygalov, Andrey"]
[Black "Pinheiro, Iung Alicio de O."]
[WhiteFideId "24171735"]
[BlackFideId "2104350"]
[WhiteElo "2466"]
[BlackElo "2283"]
[Result "1-0"]
[Round "03"]
[TimeControl "180+2"]
[Date "2023.04.18"]
[WhiteClock "0:00:16"]
[BlackClock "0:00:09"]

1. e4 c5 2. Nf3 Nc6 3. Bb5 e6 4. Bxc6 bxc6 5. d3 Ne7 6. Qe2 Qc7 7. e5 Ng6 8. h4 f6 9. exf6 gxf6 10. h5 Nf4 11. Qe4 Nd5 12. h6 Be7 13. a3 f5 14. Qe2 Nf4 15. Qd2 Ng6 16. Nc3 d5 17. Qe2 e5 18. Bg5 e4 19. Bxe7 Qxe7 20. dxe4 fxe4 21. Nh2 O-O 22. O-O-O a5 23. Kb1 Rb8 24. Na4 Qf6 25. f3 Bf5 26. Rhf1 Qe5 27. g4 Be6 28. Rfe1 Rb5 29. fxe4 Rfb8 30. c3 d4 31. Nf3 Qc7 32. cxd4 Bb3 33. Rd2 Bxa4 34. Qc4+ Kh8 35. Qxa4 Qb6 36. Ree2 Nf4 37. Rf2 c4 38. Qxc4 Rb3 39. Ne5 a4 40. Nf7+ Kg8 41. Ne5+ Kh8 42. Nd7 Qb5 43. Qxb5 R8xb5 44. Rxf4 1-0


[Site "https://www.chess.com"]

[Event "Titled Tuesday Blitz April 18 Late 2023"]
[White "Vlassov, Nikolai"]
[Black "Kravtsiv, Martyn"]
[WhiteFideId "4103360"]
[BlackFideId "14113147"]
[WhiteElo "2324"]
[BlackElo "2695"]
[Result "0-1"]
[Round "03"]
[TimeControl "180+2"]
[Date "2023.04.18"]
[WhiteClock "0:00:04"]
[BlackClock "0:00:25"]

1. e4 e5 2. Bc4 Nf6 3. d3 Nc6 4. Nf3 Bc5 5. Bg5 h6 6. Bh4 a6 7. Nc3 g5 8. Bg3 d6 9. Nd2 Nd4 10. h4 gxh4 11. Bxh4 c6 12. Ne2 Rg8 13. Nxd4 Bxd4 14. c3 Ba7 15. Qe2 Rg6 16. O-O-O Qa5 17. Rdf1 Nh5 18. g3 Bg4 19. f3 Bd7 20. f4 Nxg3 21. Bxg3 Rxg3 22. fxe5 d5 23. exd5 cxd5 24. Nb3 Qxa2 25. Bxd5 O-O-O 26. Rxf7 Ba4 27. Bxb7+ Kb8 28. e6 Be3+ 0-1


[Site "https://www.chess.com"]

[Event "Titled Tuesday Blitz April 18 Late 2023"]
[White "Rosen, Eric"]
[Black "Indjic, Aleksandar"]
[WhiteFideId "2032562"]
[BlackFideId "911925"]
[WhiteElo "2331"]
[BlackElo "2614"]
[Result "0-1"]
[Round "03"]
[TimeControl "180+2"]
[Date "2023.04.18"]
[WhiteClock "0:00:01"]
[BlackClock "0:00:12"]

1. d4 a6 2. Bf4 d6 3. Nc3 Nd7 4. Nf3 c5 5. dxc5 Nxc5 6. e4 e5 7. Be3 Ne6 8. Bc4 Nf6 9. a4 Be7 10. h3 O-O 11. O-O Qc7 12. Bb3 Nc5 13. Nd5 Nxd5 14. Bxd5 Be6 15. c3 Rab8 16. b4 Bxd5 17. Qxd5 Nd7 18. Rfc1 h6 19. Qd3 Rbc8 20. Nd2 Nf6 21. c4 Qc6 22. b5 Qc7 23. Nf1 Nd7 24. Rab1 Nc5 25. Bxc5 Qxc5 26. Ne3 Bg5 27. Rb3 Rfd8 28. Rc2 Bxe3 29. Qxe3 Qxe3 30. Rxe3 Rc5 31. Rec3 Kf8 32. Kf1 Ke7 33. Ke2 Rdc8 34. Kd3 Ke6 35. Rb2 a5 36. g3 g6 37. f4 exf4 38. gxf4 Rh5 39. Kd4 f5 40. Re2 Kf7 41. Rce3 Rh4 42. Kd5 Rxf4 43. Kxd6 Rxc4 44. b6 Rfxe4 45. Rxe4 Rxe4 46. Rc2 Rxa4 47. Kc7 Kf6 48. Kxb7 Rb4 49. Kc7 Kg5 50. b7 f4 51. Kc6 Rxb7 52. Kxb7 Kh4 53. Kc6 Kg3 54. Kd5 f3 55. Rc6 g5 56. Ke4 f2 57. Rxh6 f1=Q 58. Rg6 Qb1+ 59. Ke5 Qxg6 0-1


[Site "https://www.chess.com"]

[Event "Titled Tuesday Blitz April 18 Late 2023"]
[White "Baskakov, Egor"]
[Black "Al-Tarboush, Ward"]
[WhiteFideId "24197866"]
[BlackFideId "7601450"]
[WhiteElo "2212"]
[BlackElo "2265"]
[Result "1-0"]
[Round "03"]
[TimeControl "180+2"]
[Date "2023.04.18"]
[WhiteClock "0:00:21"]
[BlackClock "0:00:02"]

1. e4 c5 2. Nf3 Nc6 3. Nc3 e5 4. Nd5 d6 5. c3 Nf6 6. Nxf6+ Qxf6 7. Bc4 Be6 8. Qb3 Bxc4 9. Qxc4 Be7 10. d3 O-O 11. Bg5 Qe6 12. Bxe7 Nxe7 13. O-O h6 14. Rac1 Nc6 15. Rfd1 Rad8 16. Ne1 d5 17. Qxc5 dxe4 18. dxe4 Qxa2 19. Qb5 Rb8 20. Nd3 a6 21. Qb6 Qc4 22. f3 Rfd8 23. Qe3 b5 24. Nf2 Qb3 25. Qc5 Qc4 26. Qe3 Na5 27. Ng4 Qb3 28. Rxd8+ Rxd8 29. Qb6 Rd1+ 30. Rxd1 Qxd1+ 31. Kf2 Qd2+ 32. Kg3 Nc4 33. Qxa6 Qf4+ 34. Kf2 h5 35. Qxb5 Qd2+ 36. Kg3 Nxb2 37. Nxe5 Qg5+ 38. Kh3 Nd1 39. g3 Nf2+ 40. Kg2 Qd2 41. Kf1 Nh3 42. Qe2 Qc1+ 43. Kg2 1-0


[Site "https://www.chess.com"]

[Event "Titled Tuesday Blitz April 18 Late 2023"]
[White "Bagrationi, Alexander"]
[Black "Quesada Perez, Yasser"]
[WhiteFideId "14104954"]
[BlackFideId "3509362"]
[WhiteElo "2398"]
[BlackElo "2496"]
[Result "0-1"]
[Round "03"]
[TimeControl "180+2"]
[Date "2023.04.18"]
[WhiteClock "0:00:03"]
[BlackClock "0:00:23"]

1. e4 d5 2. exd5 Nf6 3. d4 Bg4 4. f3 Bf5 5. Bb5+ Nbd7 6. Ne2 Nxd5 7. Nbc3 e6 8. Nxd5 exd5 9. O-O c6 10. Bd3 Bxd3 11. Qxd3 Bd6 12. Bf4 Qc7 13. Bxd6 Qxd6 14. Qe3+ Kf8 15. Ng3 Re8 16. Qb3 g6 17. Qxb7 Kg7 18. Qb3 h5 19. Rfe1 h4 20. Nf1 h3 21. g3 c5 22. Qc3 c4 23. Rxe8 Rxe8 24. Re1 Rb8 25. b3 Rc8 26. Ne3 Nb6 27. Qa5 Qf6 28. Qd2 Qxf3 29. Rf1 Qe4 30. Rf4 Qe6 31. Qf2 Re8 32. Nf1 cxb3 33. axb3 Nc8 34. c4 Nd6 35. c5 Ne4 36. Qe3 f5 37. g4 fxg4 38. b4 g5 39. Rf2 Nxf2 40. Qxe6 Rxe6 41. Kxf2 Re4 42. Ne3 g3+ 0-1


[Site "https://www.chess.com"]

[Event "Titled Tuesday Blitz April 18 Late 2023"]
[White "Costachi, Mihnea"]
[Black "The_Sherman_Variation"]
[WhiteFideId "1217518"]
[WhiteElo "2456"]
[BlackElo "2529"]
[Result "1-0"]
[Round "03"]
[TimeControl "180+2"]
[Date "2023.04.18"]
[WhiteClock "0:00:08"]
[BlackClock "0:00:18"]

1. Nc3 Nf6 2. e4 d6 3. d4 a6 4. Nf3 g6 5. Be2 Bg7 6. a4 O-O 7. h3 Nbd7 8. O-O e5 9. dxe5 Nxe5 10. Nxe5 dxe5 11. Be3 Be6 12. Bc5 Re8 13. a5 Nd7 14. Be3 Nb8 15. Nd5 f5 16. f3 Nc6 17. c3 Rc8 18. Bc4 Kh8 19. Qe2 f4 20. Bf2 Qg5 21. Kh1 Bxd5 22. Bxd5 Nd8 23. Rfd1 c6 24. Ba2 Qe7 25. b4 Ne6 26. Bxe6 Qxe6 27. Bb6 h5 28. Rd3 g5 29. Rad1 Bf8 30. Rd7 Re7 31. Qd3 g4 32. Rxe7 Qxe7 33. Qd7 Qxd7 34. Rxd7 c5 35. bxc5 g3 36. Bc7 Kg8 37. Bxe5 Rxc5 38. Bxf4 h4 39. Kg1 Rxa5 40. Kf1 Ra2 41. Rd2 Ra1+ 42. Ke2 a5 43. Rd5 Rg1 44. Rxa5 Rxg2+ 45. Ke3 Rc2 46. Kd3 Rf2 47. Ke3 b6 48. Rg5+ Kf7 49. Be5 Bc5+ 50. Bd4 Rc2 51. Kd3 Rf2 52. Bxf2 Bxf2 53. Ke2 Kf6 54. f4 Bc5 55. Kf3 Ba3 56. Rh5 1-0


[Site "https://www.chess.com"]

[Event "Titled Tuesday Blitz April 18 Late 2023"]
[White "Xiong, Jeffery"]
[Black "liwadas82"]
[WhiteFideId "2047640"]
[WhiteElo "2726"]
[BlackElo "2526"]
[Result "1-0"]
[Round "03"]
[TimeControl "180+2"]
[Date "2023.04.18"]
[WhiteClock "0:01:11"]
[BlackClock "0:00:03"]

1. e4 e5 2. Nf3 Nc6 3. Nc3 Nf6 4. d4 exd4 5. Nxd4 Bb4 6. Nxc6 bxc6 7. Bd3 d5 8. exd5 cxd5 9. O-O O-O 10. h3 c6 11. Qf3 Bd6 12. Bf4 Bxf4 13. Qxf4 Be6 14. Rfe1 Qb8 15. Qxb8 Raxb8 16. b3 c5 17. Rad1 c4 18. Bf1 Rfc8 19. Ne2 cxb3 20. cxb3 Rc2 21. Ra1 Rd2 22. Red1 Rxd1 23. Rxd1 Rc8 24. Nd4 a5 25. f3 Kf8 26. Kf2 Ke7 27. g4 g5 28. Bd3 h5 29. Re1 Kd6 30. Nb5+ Kd7 31. Re5 hxg4 32. hxg4 Bxg4 33. Rxg5 Be6 34. Rg1 Ne8 35. Nd4 Nd6 36. Ke3 Rc3 37. Kd2 Rc8 38. Rg7 Rh8 39. Rg2 Rh4 40. Ke3 Rh1 41. Rc2 Re1+ 42. Kf4 Ra1 43. Bb5+ Ke7 44. Be2 Kf6 45. Nc6 Nf5 46. Nxa5 Nd4 47. Rd2 Nxe2+ 48. Rxe2 d4 49. Rd2 d3 50. Nc6 Rc1 51. Nb4 Bf5 52. Nxd3 Bxd3 53. Rxd3 Rc2 54. a4 Rb2 55. a5 Ra2 56. b4 Ra4 57. Rd4 Ke6 58. Ke4 f5+ 59. Kf4 Ra3 60. Rc4 Ra4 61. Rc6+ Kd5 62. Rb6 Ra3 63. a6 Ra4 64. Kxf5 Ra3 65. f4 Ra4 66. b5 Kc5 67. Rb7 Ra5 68. a7 Ra4 69. b6 Kc6 70. Rb8 Rxa7 71. bxa7 1-0


[Site "https://www.chess.com"]

[Event "Titled Tuesday Blitz April 18 Late 2023"]
[White "Leenhouts, Koen"]
[Black "Kowalski, Igor"]
[WhiteFideId "1008439"]
[BlackFideId "1172468"]
[WhiteElo "2409"]
[BlackElo "2392"]
[Result "1/2-1/2"]
[Round "03"]
[TimeControl "180+2"]
[Date "2023.04.18"]
[WhiteClock "0:00:05"]
[BlackClock "0:00:15"]

1. c4 Nf6 2. Nc3 g6 3. e4 d6 4. d4 Bg7 5. f3 O-O 6. Nge2 Nbd7 7. Ng3 h5 8. Be2 h4 9. Nf1 c5 10. d5 a6 11. Bg5 h3 12. gxh3 b5 13. Ne3 Nh7 14. Bh4 Rb8 15. Qd2 Ne5 16. f4 Nxc4 17. Nxc4 bxc4 18. Bxc4 Rb4 19. b3 Bxh3 20. Rc1 Qd7 21. Rg1 Kh8 22. Rg3 Bg4 23. h3 Bh5 24. Kf2 e5 25. dxe6 fxe6 26. Kg2 Bd4 27. Rf1 Nf6 28. Bg5 Qc6 29. Kh2 Nxe4 30. Nxe4 Qxe4 31. Bd3 Qd5 32. Bh6 Rg8 33. Bg5 Bg7 34. Qc2 Rd4 35. Rf2 Rf8 36. Bxg6 Rd1 37. Be4 Qd4 38. Rgg2 d5 39. Bf3 Bxf3 40. Rxf3 e5 41. Qg6 Qe4 42. Qh5+ Qh7 43. Qg4 e4 44. Rfg3 d4 45. Bh4 e3 46. Qxg7+ Qxg7 47. Rxg7 e2 48. R7g6 Kh7 49. R6g5 Rf6 50. Rh5+ Rh6 51. Re5 Rxh4 52. Re7+ Kh6 53. Re6+ Kh7 54. Re7+ Kh8 55. Re8+ Kh7 56. Re7+ 1/2-1/2


[Site "https://www.chess.com"]

[Event "Titled Tuesday Blitz April 18 Late 2023"]
[White "Smirnov, Pavel"]
[Black "Boder, Jan"]
[WhiteFideId "4123425"]
[BlackFideId "16243226"]
[WhiteElo "2519"]
[BlackElo "2241"]
[Result "1-0"]
[Round "03"]
[TimeControl "180+2"]
[Date "2023.04.18"]
[WhiteClock "0:01:01"]
[BlackClock "0:00:07"]

1. d4 Nf6 2. c4 c5 3. d5 b5 4. cxb5 a6 5. e3 axb5 6. Bxb5 Qa5+ 7. Nc3 Bb7 8. Bd2 Qb6 9. Nf3 Nxd5 10. Nxd5 Bxd5 11. a4 e6 12. O-O Be7 13. Bc3 O-O 14. Nd2 Na6 15. e4 Bc6 16. Nc4 Qc7 17. Be5 d6 18. Nxd6 f6 19. Bg3 Rfd8 20. Bxc6 Qxc6 21. Qg4 f5 22. exf5 Bxd6 23. f6 Bf8 24. Rae1 Nc7 25. Re5 Rd7 26. Rh5 g6 27. Rg5 Ne8 28. Be5 Bh6 29. Rh5 Bf8 30. f7+ Rxf7 31. Qxg6+ Ng7 32. Qxh7# 1-0


[Site "https://www.chess.com"]

[Event "Titled Tuesday Blitz April 18 Late 2023"]
[White "Sochacki, Christophe"]
[Black "Naroditsky, Daniel"]
[WhiteFideId "662569"]
[BlackFideId "2026961"]
[WhiteElo "2501"]
[BlackElo "2633"]
[Result "0-1"]
[Round "03"]
[TimeControl "180+2"]
[Date "2023.04.18"]
[WhiteClock "0:00:02"]
[BlackClock "0:00:21"]

1. d4 Nf6 2. Bg5 Ne4 3. Bf4 Nc6 4. e3 d5 5. Nd2 Nxd2 6. Qxd2 a6 7. Nf3 Bf5 8. Bd3 Bxd3 9. Qxd3 e6 10. O-O Bd6 11. Rad1 O-O 12. Ng5 g6 13. Nf3 Qf6 14. Bg5 Qg7 15. Rfe1 Rfe8 16. Bf4 h6 17. h3 g5 18. Bxd6 cxd6 19. c3 f5 20. c4 dxc4 21. Qxc4 d5 22. Qb3 g4 23. hxg4 fxg4 24. Ne5 Nxe5 25. dxe5 g3 26. fxg3 Qxe5 27. Qxb7 Qxg3 28. e4 d4 29. Rf1 Rf8 30. Rxf8+ Rxf8 31. Qxa6 Qf2+ 32. Kh1 Qh4+ 33. Kg1 Qxe4 34. Qc4 Qe3+ 35. Kh1 Rf4 36. Qc8+ Kg7 37. Qd7+ Kg6 38. Qe8+ Kg5 39. Qg8+ Kh5 40. Qe8+ Kg5 41. Qg8+ Kh4 42. Qd8+ Kg3 0-1


[Site "https://www.chess.com"]

[Event "Titled Tuesday Blitz April 18 Late 2023"]
[White "Larino Nieto, David"]
[Black "Andreikin, Dmitry"]
[WhiteFideId "2256444"]
[BlackFideId "4158814"]
[WhiteElo "2506"]
[BlackElo "2736"]
[Result "1/2-1/2"]
[Round "03"]
[TimeControl "180+2"]
[Date "2023.04.18"]
[WhiteClock "0:00:39"]
[BlackClock "0:01:17"]

1. e4 e6 2. d4 d5 3. Nd2 c5 4. exd5 Qxd5 5. Ngf3 cxd4 6. Bc4 Qd6 7. O-O Nf6 8. Nb3 Nc6 9. Nbxd4 Nxd4 10. Qxd4 Qxd4 11. Nxd4 Bd7 12. Bb5 O-O-O 13. Bxd7+ Rxd7 14. Nb3 Bd6 15. f3 Rhd8 16. Be3 Nd5 17. Bf2 b6 18. g3 Rc7 19. c3 h5 20. Rad1 h4 21. Kg2 Be7 22. f4 Rcd7 23. Rde1 Bf6 24. Kf3 g6 25. g4 Ne7 26. Bd4 Bxd4 27. Nxd4 Kb7 28. h3 Nc6 29. Nxc6 Kxc6 30. Rf2 b5 31. g5 Rd3+ 32. Re3 Rxe3+ 33. Kxe3 Rd1 34. Kf3 Kd5 35. Kg4 Rg1+ 36. Kxh4 Ke4 37. Rc2 Rf1 38. c4 bxc4 39. Rxc4+ Kf5 40. Kg3 Rg1+ 41. Kf3 Rf1+ 42. Kg3 Rg1+ 43. Kf3 Rf1+ 44. Kg3 1/2-1/2


[Site "https://www.chess.com"]

[Event "Titled Tuesday Blitz April 18 Late 2023"]
[White "Lazavik, Denis"]
[Black "Averjanov, Alexey"]
[WhiteFideId "13515110"]
[BlackFideId "14109867"]
[WhiteElo "2560"]
[BlackElo "2622"]
[Result "1-0"]
[Round "03"]
[TimeControl "180+2"]
[Date "2023.04.18"]
[WhiteClock "0:01:32"]
[BlackClock "0:00:06"]

1. d4 d5 2. c4 dxc4 3. Nf3 Nf6 4. e3 e6 5. Bxc4 a6 6. O-O b5 7. Bd3 Bb7 8. a4 b4 9. Qe2 Nbd7 10. e4 Be7 11. Nbd2 c5 12. e5 Nd5 13. Nb3 cxd4 14. Bd2 O-O 15. Qe4 g6 16. Qg4 Rc8 17. h4 h5 18. Qg3 Kg7 19. Nfxd4 Kh8 20. Nxe6 fxe6 21. Qxg6 Rf5 22. Bxf5 exf5 23. Qxh5+ Kg8 24. Qg6+ Kh8 25. e6 N7f6 26. Nd4 Qg8 27. Qh6+ Qh7 28. Qxh7+ Kxh7 29. Nxf5 Rg8 30. f3 Bc5+ 31. Kh1 Nh5 32. Rac1 Bb6 33. g4 Nhf4 34. Nd6 Ba8 35. Ne4 Ne3 36. Nf6+ Kg7 37. Nxg8 1-0


[Site "https://www.chess.com"]

[Event "Titled Tuesday Blitz April 18 Late 2023"]
[White "Domingo Nunez, Ruben"]
[Black "Sarana, Alexey"]
[WhiteFideId "22245570"]
[BlackFideId "24133795"]
[WhiteElo "2404"]
[BlackElo "2714"]
[Result "0-1"]
[Round "03"]
[TimeControl "180+2"]
[Date "2023.04.18"]
[WhiteClock "0:01:20"]
[BlackClock "0:01:40"]

1. c4 e6 2. g3 d5 3. Bg2 Nf6 4. Nf3 Be7 5. O-O O-O 6. b3 d4 7. e3 c5 8. exd4 cxd4 9. d3 Nc6 10. Re1 Nd7 11. a3 a5 12. Nbd2 e5 13. Bb2 Nc5 14. Ne4 Nxe4 15. Rxe4 Bf5 16. Re1 Bf6 17. c5 Re8 18. Qc2 e4 19. dxe4 d3 20. Bxf6 gxf6 21. Qc4 Bg4 22. Nd2 Nd4 23. f3 Ne2+ 24. Kf2 Be6 25. Qa4 b5 0-1


[Site "https://www.chess.com"]

[Event "Titled Tuesday Blitz April 18 Late 2023"]
[White "Zhigalko_Sergei"]
[Black "Dare-Dare"]
[WhiteElo "2905"]
[BlackElo "2591"]
[Result "1-0"]
[Round "03"]
[TimeControl "180+2"]
[Date "2023.04.18"]
[WhiteClock "0:01:37"]
[BlackClock "0:01:01"]

1. e4 e6 2. d4 d5 3. e5 c5 4. c3 Nc6 5. Nf3 Qb6 6. Bd3 Bd7 7. dxc5 Bxc5 8. O-O a5 9. Nbd2 f5 10. Nb3 a4 11. Nxc5 Qxc5 12. Be3 Qa5 13. b4 axb3 14. axb3 Qxa1 15. Qxa1 Rxa1 16. Rxa1 Nge7 17. Ra8+ Bc8 18. b4 Kd7 19. Bc5 Ng6 20. Bd6 b6 21. Bb5 Bb7 22. Ra7 1-0


[Site "https://www.chess.com"]